 Dungeon Crawl Stone Soup version 0.19-a0-700-gd2fa977 (webtiles) character file.

285 Folque01 the Skirmisher (level 6, -3/48 HPs)
             Began as a Demonspawn Abyssal Knight on June 19, 2016.
             Was a Priest of Lugonu.
             Slain by an iguana (11 damage)
             ... on level 3 of the Dungeon on July 2, 2016.
             The game lasted 00:30:39 (3227 turns).

Folque01 the Skirmisher (Demonspawn Abyssal Knight) Turns: 3227, Time: 00:30:40

Health: -3/48      AC:  7    Str: 13    XL:     6   Next: 7%
Magic:  7/8        EV: 13    Int: 13    God:    Lugonu [***...]
Gold:   192        SH:  0    Dex: 14    Spells: 0 memorised, 5 levels left

rFire  + . .     SeeInvis .     a - +2 mace
rCold  . . .     Gourm    .     b - +0 leather armour
rNeg   . . .     Faith    .     (no shield)
rPois  .         Spirit   .     e - +2 hat
rElec  .         Dismiss  .     m - +0 cloak
rCorr  .         Reflect  .     i - +0 pair of gloves
SustAt .         Harm     .     (no boots)
MR     .....                    (no amulet)
Stlth  +.........               (no ring)
                                (no ring)

@: not resistant to hostile enchantments, very unstealthy
A: claws 2, fire resistance 1
a: Depart the Abyss, Bend Space, Banish, Renounce Religion


You were on level 3 of the Dungeon.
You worshipped Lugonu.
Lugonu was most pleased with you.
You were not hungry.

You visited 1 branch of the dungeon, and saw 4 of its levels.
You visited the Abyss 1 time.

You collected 192 gold pieces.

Inventory:

Hand Weapons
 a - a +2 mace (weapon)
Missiles
 g - 2 tomahawks (quivered)
Armour
 b - a +0 leather armour (worn)
 e - a +2 hat (worn)
 i - a +0 pair of gloves (worn)
 m - a +0 cloak (worn)
 p - a +0 chain mail
Wands
 f - a wand of flame (38/48)
Scrolls
 k - 2 scrolls of magic mapping
 n - a scroll of enchant armour
 q - 3 scrolls of remove curse
Potions
 l - a potion of agility
Books
 h - a book of Alchemy

   Spells                             Type                      Level
   a - Sublimation of Blood           Necromancy                   2
   b - Ignite Poison                  Fire/Transmutation/Poison    3
   c - Petrify                        Transmutation/Earth          4
   d - Alistair's Intoxication        Transmutation/Poison         5
   e - Irradiate                      Conjuration/Transmutation    5
Comestibles
 c - 3 bread rations
 d - a beef jerky
 j - 8 fruits
 o - 3 chunks of flesh


   Skills:
 - Level 4.0 Fighting
 - Level 2.0 Maces & Flails
 - Level 1.0 Throwing
 * Level 3.6 Armour
 - Level 3.0 Dodging
 + Level 3.0 Invocations


You had 5 spell levels left.
You didn't know any spells.

Dungeon Overview and Level Annotations

Branches:
Dungeon (4/15)
 Temple: D:4-7

Altars:
Elyvilon
Hepliaklqana


Innate Abilities, Weirdness & Mutations

You have very sharp fingernails.
Your flesh is heat resistant. (rF+)


Message History

The phantom blinks!
The iguana bites you.
You climb upwards.
There is a stone staircase leading down here.
You hit the iguana.
The iguana is lightly wounded.
The iguana closely misses you. The iguana barely misses you.
You barely miss the iguana.
The iguana is lightly wounded.
The iguana bites you!
* * * LOW HITPOINT WARNING * * *
Space bends around you!
You blink.
* * * LOW HITPOINT WARNING * * *
Press: ? - help, Shift-Dir - straight line, f - iguana
Aim: an iguana (lightly wounded, chance to defeat MR: 87%)
You fail to use your ability.
Press: ? - help, Shift-Dir - straight line, f/p - iguana
Aim: an iguana (lightly wounded, chance to defeat MR: 87%)
You fail to use your ability.
The iguana bites you!
You die...

#..........#..
#####.##########.(
#####.....#######.....
###.....................
#.......#.....#####.###.
#.#.###.#.#.[...###.###.
#.#>...)..............#.
#.#.#.l.#.#...#.###.#.#.
#.#.#.#@#.#.....# #.#.#.
#.#.#.#.#.#...#####.#.##
#.#.....#.....)..##.....
#.###.......####.##.#.##
#.#......#### #.####..#
#.#.#.....# #........
#.#.#.....# #######..
#.#.......# ##.
#.........# #.


You could see an iguana.

Vanquished Creatures
  A phantom (D:4)
  Crazy Yiuf (D:3)
  6 adders
  4 worms
  4 dart slugs
  3 giant geckos
  12 orcs (D:3)
  13 bats
  6 giant cockroaches
  8 goblins
  5 hobgoblins
  3 quokkas
  A ball python (D:3)
  5 giant newts
  5 kobolds (D:2)
  12 rats
89 creatures vanquished.

Notes
Turn   | Place    | Note
--------------------------------------------------------------
     0 | Abyss:1  | Folque01 the Demonspawn Abyssal Knight began the quest for the Orb.
     0 | Abyss:1  | Reached XP level 1. HP: 18/18 MP: 2/2
    50 | Abyss:2  | Noticed a large abomination
    51 | D:1      | Escaped the Abyss
    95 | D:1      | Reached skill level 1 in Dodging
   384 | D:1      | Gained mutation: Your flesh is heat resistant. (rF+) [demonic ancestry]
   384 | D:1      | Reached XP level 2. HP: 24/24 MP: 3/3
   684 | D:2      | Reached ** piety under Lugonu
   703 | D:2      | Reached XP level 3. HP: 29/29 MP: 5/5
   843 | D:2      | Found a white marble altar of Elyvilon.
  1012 | D:2      | Reached skill level 4 in Fighting
  1661 | D:2      | Reached XP level 4. HP: 33/37 MP: 6/6
  1702 | D:2      | Found a hazy altar of Hepliaklqana.
  2095 | D:3      | Noticed Crazy Yiuf
  2103 | D:3      | Killed Crazy Yiuf
  2178 | D:3      | Reached *** piety under Lugonu
  2261 | D:3      | Gained mutation: You have sharp fingernails. [demonic ancestry]
  2261 | D:3      | Reached XP level 5. HP: 42/42 MP: 7/7
  2288 | D:3      | Reached skill level 1 in Throwing
  2913 | D:4      | Noticed a phantom
  2956 | D:4      | Killed a phantom
  2956 | D:4      | Gained mutation: You have very sharp fingernails. [demonic ancestry]
  2956 | D:4      | Reached XP level 6. HP: 27/48 MP: 8/8
  3227 | D:3      | Slain by an iguana

Vault maps used:
D:1:      ncdulo_wetmaze, minmay_misc_feat_iff, serial_bayou_pond_c,
          minmay_misc_feat_doors
D:2:      overflow_temple_1_default, marbit_many_paths, minivault_25
D:3:      first_bread, uniq_crazy_yiuf_cottage
D:4:      minmay_temple_entry_mist, serial_shops, nicolae_shop_stone,
          enter_ossuary_2

Skill      XL: |  1  2  3  4  5 |
---------------+----------------+-----
Dodging        | 1 2 3 |  3.0
Maces & Flails | 2 |  2.0
Armour         | 2 3 |  3.6
Invocations    | 3 |  3.0
Fighting       | 4 |  4.0
Throwing       | 1 |  1.0

Action                   |  1- 3 |  4- 6 || total
-------------------------+-------+-------++-------
Melee: Mace              |   131 |   193 ||   324
Throw: Tomahawk          |     4 |    12 ||    16
Invok: Bend Space        |     1 |     3 ||     4
  Use: Scroll            |     6 |     4 ||    10
       Potion            |     4 |       ||     4
 Stab: Sleeping          |       |     1 ||     1
  Eat: Chunk             |     2 |     5 ||     7
       Fruit             |     1 |       ||     1
Armor: Leather armour    |    45 |    40 ||    85
       Skin              |     6 |       ||     6
       Chain mail        |       |    22 ||    22
Dodge: Dodged            |    97 |   120 ||   217
